 Dungeon Crawl Stone Soup version 0.27.1-34-g3ba077fa99 (webtiles) character file.

Game seed: 3104720452108558917

119 Gabide the Poker (level 5, -2/41 HPs)
             Began as a Human Monk on Jan 7, 2022.
             Slain by Natasha (5 damage)
             ... on level 3 of the Dungeon.
             The game lasted 00:05:05 (3398 turns).

Gabide the Poker (Human Monk)                       Turns: 3398, Time: 00:05:05

Health: -2/41      AC:  2    Str: 10    XL:     5   Next: 23%
Magic:  5/5        EV: 13    Int: 10    God:
Gold:   87         SH:  0    Dex: 16    Spells: 4/4 levels left

rFire    . . .     SeeInvis .   a - +0 spear
rCold    . . .     Faith    .   (no shield)
rNeg     . . .     Spirit   .   b - +0 robe
rPois    +         Reflect  .   (no helmet)
rElec    .         Harm     .   (no cloak)
rCorr    .         Rampage  .   (no gloves)
Will     .....                  (no boots)
Stlth    ++........             (no amulet)
HPRegen  0.13/turn              c - ring of poison resistance
MPRegen  0.09/turn              (no ring)

@: no status effects
A: weak 1
a: no special abilities


You were on level 3 of the Dungeon.
You visited 1 branch of the dungeon, and saw 3 of its levels.

You collected 87 gold pieces.

Inventory:

Hand Weapons
 a - a +0 spear (weapon)
Armour
 b - a +0 robe (worn)
Jewellery
 c - a ring of poison resistance (left hand)


   Skills:
 * Level 3.6 Fighting
 * Level 4.3 Polearms
 * Level 3.5 Dodging
 + Level 2.6 Stealth


You had 4 spell levels left.
You didn't know any spells.
Your spell library contained the following spells:

 Spells                   Type           Power      Damage    Failure   Level
 Ensorcelled Hibernation  Hex/Ice        0%         N/A       50%         2
 Conjure Flame            Conj/Fire      0%         6-21      75%         3
 Ignite Poison            Fire/Tmut/Pois 0%         N/A       75%         3
 Spider Form              Tmut/Pois      0%         N/A       75%         3
 Sticky Flame             Conj/Fire      0%         2d3       98%         4
 Shadow Creatures         Summ           N/A        N/A       100%        6


Dungeon Overview and Level Annotations

Branches:
Dungeon (3/15)

Altars:
Qazlal

Annotations:
D:3 Natasha


Innate Abilities, Weirdness & Mutations

You are weak. (Str -2)


Message History

The orc hits you but does no damage. The orc hits you but does no damage.
The orc hits you but does no damage. The orc barely misses you.
The orc hits you but does no damage. The orc hits you but does no damage.
The orc hits you but does no damage.
Your transformation is almost over.
The orc hits you but does no damage. The orc hits you but does no damage.
The orc barely misses you. The orc barely misses you.
The orc hits you but does no damage. The orc hits you but does no damage.
The orc hits you with a +0 short sword.
* * * LOW HITPOINT WARNING * * *
The orc hits you with a +0 short sword.
* * * LOW HITPOINT WARNING * * *
You feel less wooden.
Your +0 robe unmelds from your body.
The orc barely misses you. The orc hits you with a +0 short sword.
* * * LOW HITPOINT WARNING * * *
The orc hits you with a +0 short sword.
* * * LOW HITPOINT WARNING * * *
Okay, then.
As you read the scroll of teleportation, it crumbles to dust.
You feel strangely unstable. The orc barely misses you.
Your surroundings suddenly seem different.
Natasha, Servant of Life and Death comes into view.
Really quaff the potion of mutation?
You feel extremely strange.
You feel weaker.
Natasha hisses angrily.
Natasha closely misses you.
You hit Natasha.
Natasha is moderately wounded.
You hit Natasha.
Natasha is heavily wounded.
Natasha claws you.
You die...

### ##..##
##....##
.##......##..##
.......@h.....#
#######.....#..
.........
###.#.##P. .#.#
♣ .# # .# ##


You could see Natasha.

Vanquished Creatures
  Natasha (D:3)
  An orc wizard (D:3)
  A gnoll (D:2)
  An adder (D:3)
  An ufetubus (D:3)
  A worm (D:2)
  4 dart slugs
  2 orcs (D:3)
  4 ball pythons
  3 bats (D:1)
  4 endoplasms
  3 giant cockroaches
  2 goblins (D:1)
  A kobold (D:1)
  3 frilled lizards
  4 rats
36 creatures vanquished.

Vanquished Creatures (others)
  4 plants (D:3)
4 creatures vanquished.

Grand Total: 40 creatures vanquished

Notes
Turn   | Place    | Note
-------+----------+-------------------------------------------
     0 | D:1      | Gabide the Human Monk began the quest for the Orb.
     0 | D:1      | Reached XP level 1. HP: 18/18 MP: 1/1
   204 | D:1      | Reached XP level 2. HP: 24/24 MP: 2/2
   410 | D:1      | Found a faded altar of an unknown god.
   652 | D:1      | Reached XP level 3. HP: 24/29 MP: 3/3
  2499 | D:3      | Noticed an air elemental
  2499 | D:3      | Noticed a water elemental
  2499 | D:3      | Found a stormy altar of Qazlal.
  2508 | D:3      | Reached XP level 4. HP: 17/35 MP: 4/4
  2673 | D:3      | Noticed a fire elemental
  2676 | D:3      | Noticed an earth elemental
  2716 | D:3      | Noticed Natasha
  2730 | D:3      | Killed Natasha
  2731 | D:3      | Reached skill level 4 in Polearms
  3369 | D:3      | Reached XP level 5. HP: 15/41 MP: 5/5
  3392 | D:3      | HP: 2/41 [orc (1)]
  3395 | D:3      | Noticed Natasha
  3396 | D:3      | Gained mutation: You are weak. (Str -2) [potion of
                  | mutation]
  3398 | D:3      | Slain by Natasha

Illustrated notes

Levels and vault maps discovered:
D:1:      giann_forest_graveyard, layout_loops_ring,
          ebering_ecumenical_altar_rust
D:2:      layout_basic, minmay_pentomino_o4
D:3:      layout_loops_corners, tso_metal_star,
          nicolae_qazlal_style_of_elements, lemuel_doored_altar, serial_forest,
          infiniplex_forest_clump_diagonal, infiniplex_forest_lined_3,
          infiniplex_forest_clump_long, infiniplex_forest_straight_3,
          minivault_19, minmay_increasing_density, uniq_natasha

Skill      XL: |  1  2  3  4 |
---------------+-------------+-----
Polearms       | 4 |  4.3
Fighting       | |  3.6
Dodging        | |  3.5
Stealth        | |  2.6

Action                   |  1- 3 |  4- 6 || total
-------------------------+-------+-------++-------
Melee: Spear             |   144 |    65 ||   209
  Use: Scroll            |     4 |     2 ||     6
       Potion            |       |     3 ||     3
 Stab: Sleeping          |    11 |     1 ||    12
Armor: Robe              |    10 |     4 ||    14
       Skin              |       |    26 ||    26
Dodge: Dodged            |    36 |    19 ||    55
